 Dungeon Crawl Stone Soup version 0.28-a0-1518-gbe868bca14 (webtiles) character file.

Game seed: 1032119472937534398

894 Lekart the Ducker (level 7, -2/60 HPs)
             Began as a White Draconian Abyssal Knight on Jan 17, 2022.
             Was a Believer of Lugonu.
             Slain by Duvessa (13 damage)
             ... on level 4 of the Dungeon.
             The game lasted 00:11:27 (6213 turns).

Lekart the Ducker (White Draconian Abyssal Knight)  Turns: 6213, Time: 00:11:28

Health: -2/60      AC:  8    Str: 16    XL:     7   Next: 78%
Magic:  0/10       EV: 14    Int: 10    God:    Lugonu [**....]
Gold:   189        SH:  0    Dex: 13    Spells: 6/6 levels left

rFire   . . .      SeeInvis .   b - +1 demon blade (elec)
rCold   + . .      Faith    .   (no shield)
rNeg    . . .      Spirit   +   (armour unavailable)
rPois   .          Reflect  .   (helmet restricted)
rElec   .          Harm     .   (no cloak)
rCorr   .          Rampage  .   (no gloves)
Will    .....                   c - +1 pair of boots
Stlth   +.........              n - amulet of guardian spirit
HPRegen 0.20/turn               (no ring)
MPRegen 0.12/turn               (no ring)

@: short of breath
A: breathe frost, AC +6, unfitting armour, cold resistance 1, cold-blooded,
horns 1, wild magic 1
a: Breathe Frost, Renounce Religion, Depart the Abyss, Bend Space


You were on level 4 of the Dungeon.
You worshipped Lugonu.
Lugonu was pleased with you.
You visited 1 branch of the dungeon, and saw 6 of its levels.
You visited the Abyss 1 time.

You collected 189 gold pieces.

Inventory:

Hand Weapons
 a - a +1 falchion
 b - a +1 demon blade of electrocution (weapon)
 m - a +4 whip
Missiles
 g - 5 javelins (quivered)
Armour
 c - a +1 pair of boots (worn)
Jewellery
 n - an amulet of guardian spirit (around neck)
Wands
 j - a wand of polymorph (2)
Scrolls
 e - a scroll of fog
 f - a scroll of teleportation
 o - a scroll of blinking
 q - a scroll of identify
Potions
 d - a potion of heal wounds
 h - a potion of curing {unknown}
 i - a potion of degeneration {unknown}
 k - a potion of flight {unknown}
 l - 2 potions of attraction {unknown}
 p - a potion of invisibility {unknown}


   Skills:
 + Level 4.9 Fighting
 + Level 4.2 Long Blades
 + Level 2.6 Maces & Flails
 + Level 1.0 Throwing
 * Level 5.1 Dodging
 * Level 4.2 Invocations
 + Level 1.5 Evocations


You had 6 spell levels left.
You didn't know any spells.
Your spell library contained the following spells:

 Spells                   Type           Power      Damage    Failure   Level
 Shock                    Conj/Air       0%         1d3       45%         1
 Slow                     Hex            0%         N/A       45%         1
 Corpse Rot               Necr/Air       0%         N/A       58%         2
 Ensorcelled Hibernation  Hex/Ice        0%         N/A       58%         2
 Sublimation of Blood     Necr           0%         N/A       58%         2
 Confusing Touch          Hex            0%         N/A       82%         3
 Spider Form              Tmut/Pois      0%         N/A       82%         3
 Swiftness                Air            0%         N/A       82%         3
 Vampiric Draining        Necr           0%         2d6       82%         3
 Airstrike                Air            0%         N/A       99%         4
 Anguish                  Hex/Necr       0%         N/A       99%         4
 Dispel Undead            Necr           0%         3d6       99%         4
 Petrify                  Tmut/Erth      0%         N/A       99%         4
 Irradiate                Conj/Tmut      0%         3d13      100%        5
 Death Channel            Necr           0%         N/A       100%        6


Dungeon Overview and Level Annotations

Branches:
Dungeon (6/15)
 Temple: D:4-7

Altars:

Annotations:
D:4 1 runed translucent door, Duvessa; Nattfarinn's ghost, novice PaFi


Innate Abilities, Weirdness & Mutations

You can breathe waves of freezing cold which knock back foes.
Your icy white scales are hard. (AC +6)
You cannot fit into any form of body armour.
Your flesh is cold resistant. (rC+)
You are cold-blooded and may be slowed by cold attacks.
You have a pair of small horns on your head.
Your spells are a little harder to cast, but a little more powerful.


Message History

Duvessa is moderately wounded.
Duvessa is blown backwards by the freezing wind.
The kobold throws a stone.
The stone closely misses you.
Aiming: Polymorph
Press: ? - help, Shift-Dir - straight line, f/p - Duvessa
Aim: Duvessa, wielding a +3 vampiric short sword and wearing a +0 chain mail (moderately wounded, berserk, will become a worm, a steam dragon, or a scorpion, chance to affect: 35%) Duvessa easily resists.
Duvessa barely misses you.
The kobold throws a stone.
The stone hits you but does no damage.
Aiming: Polymorph
Press: ? - help, Shift-Dir - straight line, f/p - Duvessa
Aim: Duvessa, wielding a +3 vampiric short sword and wearing a +0 chain mail (moderately wounded, berserk, will become a worm, a steam dragon, or a scorpion, chance to affect: 35%) Duvessa easily resists.
Duvessa hits you with a +3 vampiric short sword!
Aiming: Polymorph
Press: ? - help, Shift-Dir - straight line, f/p - Duvessa
Aim: Duvessa, wielding a +3 vampiric short sword and wearing a +0 chain mail (moderately wounded, berserk, will become a worm, a steam dragon, or a scorpion, chance to affect: 35%) Duvessa easily resists.
Duvessa hits you with a +3 vampiric short sword!
* * * LOW HITPOINT WARNING * * *
Duvessa draws strength from your wounds!
Duvessa misses you.
Aiming: Polymorph
Press: ? - help, Shift-Dir - straight line, f/p - Duvessa
Aim: Duvessa, wielding a +3 vampiric short sword and wearing a +0 chain mail (moderately wounded, berserk, will become a worm, a steam dragon, or a scorpion, chance to affect: 35%) Duvessa easily resists.
Duvessa completely misses you.
Aiming: Polymorph
Press: ? - help, Shift-Dir - straight line, f/p - Duvessa
Aim: Duvessa, wielding a +3 vampiric short sword and wearing a +0 chain mail (moderately wounded, berserk, will become a worm, a steam dragon, or a scorpion, chance to affect: 35%) Duvessa easily resists.
Duvessa closely misses you. Duvessa barely misses you.
The kobold throws a stone.
The stone completely misses you.
Aiming: Polymorph
Press: ? - help, Shift-Dir - straight line, f/p - Duvessa
Aim: Duvessa, wielding a +3 vampiric short sword and wearing a +0 chain mail (moderately wounded, berserk, will become a worm, a steam dragon, or a scorpion, chance to affect: 35%) Duvessa easily resists.
Duvessa barely misses you.
Aiming: Polymorph
Press: ? - help, Shift-Dir - straight line, f/p - Duvessa
Aim: Duvessa, wielding a +3 vampiric short sword and wearing a +0 chain mail (moderately wounded, berserk, will become a worm, a steam dragon, or a scorpion, chance to affect: 35%) Duvessa easily resists.
Duvessa hits you with a +3 vampiric short sword!
You die...

#.............
#..............
#.............. ##
#.....>....... ##.#
#............. ###...#
##............
.......######...........
......)...###...........
.....K.@.#..............
......e...#####.........
...........# ###.###...
..........## #..##### .
..........# ##.# .
..##..?...# ####.#####
##. . #.....##
#......... #.#######
##....# ##.........
##.#≈≈≈≈≈≈ #...#
##..........


You could see Duvessa (berserk) and a kobold.

Vanquished Creatures
  A black bear (D:4)
  An ogre (D:5)
  A sky beast (D:5)
  A scorpion (D:3)
  Dowan (D:4)
  3 hounds
  A jelly (D:5)
  An iguana (D:4)
  Natasha (thrice) (D:4)
  A scorpion zombie (D:5)
  3 orc wizards
  6 adders
  4 gnolls (D:3)
  An adder skeleton (D:4)
  2 dart slugs
  3 orcs
  10 endoplasms
  12 goblins
  5 hobgoblins
  7 jackals
  8 kobolds
  4 quokkas
  7 ball pythons
  4 bats
  6 frilled lizards
  7 rats
103 creatures vanquished.

Vanquished Creatures (others)
  2 orc wizards (D:5)
  15 plants (D:5)
17 creatures vanquished.

Grand Total: 120 creatures vanquished

Notes
Turn   | Place    | Note
-------+----------+-------------------------------------------
     0 | Abyss:1  | Lekart the Draconian Abyssal Knight began the quest for the
                  | Orb.
     0 | Abyss:1  | Reached XP level 1. HP: 19/19 MP: 2/2
    33 | Abyss:2  | Noticed a will-o-the-wisp
    34 | D:1      | Escaped the Abyss
   385 | D:1      | Reached * piety under Lugonu
   492 | D:1      | Reached XP level 2. HP: 26/26 MP: 3/3
  1180 | D:1      | Gained mutation: Your magical capacity is low. (-10% MP)
                  | [potion of mutation]
  1180 | D:1      | Gained mutation: You have a pair of small horns on your
                  | head. [potion of mutation]
  1180 | D:1      | Gained mutation: You are robust. (+10% HP) [potion of
                  | mutation]
  1182 | D:1      | Lost mutation: Your magical capacity is low. (-10% MP)
                  | [potion of mutation]
  1182 | D:1      | Lost mutation: You are robust. (+10% HP) [potion of
                  | mutation]
  1182 | D:1      | Gained mutation: You tend to lose your temper in combat.
                  | [potion of mutation]
  1258 | D:2      | Reached XP level 3. HP: 26/33 MP: 4/4
  1790 | D:2      | Found a faded altar of an unknown god.
  2035 | D:3      | Reached ** piety under Lugonu
  2075 | D:3      | Reached skill level 3 in Dodging
  2149 | D:3      | Lost mutation: You have a pair of small horns on your head.
                  | [potion of mutation]
  2149 | D:3      | Lost mutation: You tend to lose your temper in combat.
                  | [potion of mutation]
  2149 | D:3      | Gained mutation: You have a pair of small horns on your
                  | head. [potion of mutation]
  2149 | D:3      | Gained mutation: Your spells are a little harder to cast,
                  | but a little more powerful. [potion of mutation]
  2223 | D:3      | Reached XP level 4. HP: 35/40 MP: 5/5
  2724 | D:3      | Noticed a scorpion
  2731 | D:3      | Killed a scorpion
  2732 | D:3      | Reached XP level 5. HP: 37/46 MP: 5/7
  3680 | D:4      | Found a runed translucent door.
  3680 | D:4      | Noticed Nattfarinn's ghost (novice PaFi)
  3958 | D:4      | Noticed a black bear
  3963 | D:4      | Killed a black bear
  3964 | D:4      | Reached XP level 6. HP: 52/52 MP: 8/8
  3971 | D:4      | Reached skill level 1 in Throwing
  4043 | D:4      | Reached skill level 1 in Maces & Flails
  4043 | D:4      | Reached skill level 4 in Dodging
  4086 | D:4      | Noticed a warg
  4086 | D:4      | an ogre changed into a warg
  4088 | D:4      | Noticed a fire bat
  4088 | D:4      | a warg changed into a fire bat
  4089 | D:4      | Noticed Natasha
  4091 | D:4      | Noticed a wyvern
  4091 | D:4      | a fire bat changed into a wyvern
  4100 | D:5      | Entered Level 5 of the Dungeon
  4840 | D:5      | Your scales start taking on an icy white colour.
  4840 | D:5      | Reached XP level 7. HP: 27/60 MP: 9/9
  4840 | D:5      | Gained mutation: Your flesh is cold resistant. (rC+) [White
                  | Draconian growth]
  5340 | D:5      | Reached skill level 1 in Evocations
  5554 | D:4      | Identified a scroll of acquirement
  5554 | D:4      | Acquired a +1 demon blade of electrocution
  5771 | D:4      | Killed Natasha
  6091 | D:4      | Noticed Natasha
  6098 | D:4      | Killed Natasha
  6193 | D:4      | Noticed Dowan
  6194 | D:4      | Noticed Natasha
  6194 | D:4      | Noticed Duvessa
  6200 | D:4      | Killed Dowan
  6201 | D:4      | Reached skill level 5 in Dodging
  6202 | D:4      | Killed Natasha
  6213 | D:4      | Slain by Duvessa

Illustrated notes

Levels and vault maps discovered:
D:1:      minmay_arrival_solitary_statue, layout_loops_corners,
          minmay_liquid_box
D:2:      layout_rooms, hellmonk_ecumenical_altar_arch_garden
D:3:      layout_basic, minmay_goblin_kobold_house
D:4:      layout_cave_pods, lemuel_round_altar, serial_rivers,
          chequers_serial_rivers_room_b, chequers_serial_rivers_small_a,
          chequers_serial_rivers_room_a, chequers_serial_rivers_micro_e,
          ebering_ghost_sewer_f, minmay_vboxes, uniq_natasha, uniq_duvessa
D:5:      layout_loops_ring, serial_bayou, serial_bayou_shore_a,
          serial_bayou_pond_e, serial_bayou_pond_c, serial_bayou_pond_d,
          lightli_minifort
D:6:      layout_loops_cross

Skill      XL: |  1  2  3  4  5  6  7 |
---------------+----------------------+-----
Dodging        | 3 4 5 |  5.1
Long Blades    | 3 4 |  4.2
Fighting       | 4 |  4.9
Invocations    | 3 4 |  4.2
Throwing       | 1 |  1.0
Maces & Flails | 1 2 |  2.6
Evocations     | 1 |  1.5

Action                   |  1- 3 |  4- 6 |  7- 9 || total
-------------------------+-------+-------+-------++-------
Melee: Falchion          |   108 |    44 |       ||   152
       Tailslap          |     7 |    22 |     7 ||    36
       Headbutt          |     9 |    20 |    15 ||    44
       Whip              |       |   103 |    29 ||   132
       Punch             |       |     1 |     1 ||     2
       Demon blade       |       |       |    46 ||    46
Throw: Javelin           |    12 |       |       ||    12
Invok: Depart the Abyss  |     1 |       |       ||     1
 Abil: Breathe Frost     |       |       |     2 ||     2
Evoke: Wand              |       |    15 |     7 ||    22
  Use: Potion            |     4 |     2 |     1 ||     7
       Scroll            |     2 |     7 |     5 ||    14
 Stab: Sleeping          |     2 |     1 |     1 ||     4
       Distracted        |       |       |     1 ||     1
Armor: Skin              |    39 |    49 |    28 ||   116
Dodge: Dodged            |    94 |   102 |    47 ||   243

Table legend: (Time is in decaauts)
 A = Elapsed time spent in this place.
 B = Non-inter-level travel time spent in this place.
 C = Inter-level travel time spent in this place.
 D = Time resting spent in this place.
 E = Time spent auto-exploring this place.
 F = Levels seen in this place.
 G = Mean time per level.
                   A        B        C        D        E       F      G
               +--------+--------+--------+--------+--------+-----+--------+
         Total |   6294 |   6208 |     86 |   1649 |   3196 |   8 |  786.8 |
       Dungeon |   6260 |   6174 |     86 |   1649 |   3167 |   6 | 1043.3 |
         Abyss |     33 |     33 |      0 |      0 |     29 |   2 |   16.5 |
               +--------+--------+--------+--------+--------+-----+--------+

Top non-repeatable levels by time:
     D:5: 1420 daAuts
     D:3: 1331 daAuts
     D:1: 1192 daAuts
     D:2: 1161 daAuts
     D:4: 1153 daAuts
 Abyss:2: 30 daAuts
 Abyss:1: 3 daAuts
     D:6: 1 daAuts
